 Dungeon Crawl Stone Soup version 0.20-a0-555-gf6ae02d (webtiles) character file.

5199 tyvek the Cleaver (level 10, -3/83 HPs)
             Began as a Formicid Fighter on Feb 3, 2017.
             Was a Priest of Makhleb.
             Slain by Snorg (10 damage)
             ... on level 10 of the Dungeon.
             The game lasted 00:15:32 (8847 turns).

tyvek the Cleaver (Formicid Fighter)                Turns: 8847, Time: 00:15:33

Health: -3/83      AC: 15    Str: 24    XL:     10   Next: 91%
Magic:  13/13      EV:  8    Int:  8    God:    Makhleb [***...]
Gold:   322        SH: 11    Dex: 10    Spells: 9/9 levels left

rFire    . . .     SeeInvis +   a - +0 war axe
rCold    + . .     Gourm    .   E - +0 plate armour
rNeg     . . .     Faith    .   F - +0 shield
rPois    .         Spirit   .   (helmet unavailable)
rElec    .         Reflect  .   (no cloak)
rCorr    .         Harm     .   (no gloves)
MR       ++...                  j - +0 pair of boots
Stlth    ..........             g - amulet of regeneration
Regen    0.7/turn               M - ring of protection from magic
                                C - ring of protection from cold

@: very slightly contaminated, invisible
A: permanent stasis, dig shafts and tunnels, four strong arms, antennae 3
a: Dig, Shaft Self, Minor Destruction, Lesser Servant of Makhleb, Renounce
Religion


You were on level 10 of the Dungeon.
You worshipped Makhleb.
Makhleb was most pleased with you.
You were not hungry.

You visited 2 branches of the dungeon, and saw 11 of its levels.
You also visited: Sewer.

You collected 714 gold pieces.
You spent 392 gold pieces at shops.


Innate Abilities, Weirdness & Mutations

You cannot be hasted, slowed, berserked, paralysed or teleported.
You can dig through walls and to a lower floor.
Your four strong arms can wield two-handed weapons with a shield.
You have a pair of large antennae on your head. (SInv)


   Skills:
 + Level 9.0 Fighting
 + Level 10.0 Axes
 + Level 8.8 Armour
 + Level 2.0 Dodging
 - Level 9.0 Shields
 + Level 5.2 Invocations


You had 9 spell levels left.
You didn't know any spells.

Inventory:

Hand Weapons
 a - a +0 war axe (weapon)
Armour
 j - a +0 pair of boots (worn)
 E - a +0 plate armour (worn)
 F - a +0 shield (worn)
Jewellery
 g - an amulet of regeneration (around neck)
 m - an uncursed amulet of magic regeneration {unknown}
 C - a ring of protection from cold (left hand)
 M - a ring of protection from magic (right hand)
Wands
 y - a wand of polymorph (9/24)
 B - a wand of flame (31/48)
 D - a wand of flame (12/48)
Scrolls
 b - 2 scrolls of magic mapping
 i - 4 scrolls of amnesia
 n - a scroll of fog
 p - a scroll of immolation {!r}
 q - a scroll of brand weapon {unknown}
 s - 3 scrolls of fear
 u - 2 scrolls of enchant weapon
 x - 5 scrolls of remove curse {@r2}
 G - a scroll of enchant armour {unknown}
Potions
 c - a potion of cure mutation {unknown}
 d - 2 potions of might
 e - 3 potions of agility
 h - a potion of resistance
 k - a potion of lignification {!q}
 r - a potion of mutation {!q}
 t - 6 potions of curing {@q1}
 v - a potion of flight
 w - 2 potions of heal wounds {unknown}
Comestibles
 f - 8 bread rations {@e1}
 l - 5 meat rations {@e1}
 o - 11 royal jellies {@e3}
 z - 7 chunks of flesh
 A - a fruit {@e2}

Dungeon Overview and Level Annotations

Branches:
Dungeon (10/15)            Temple (1/1) D:4
   Lair: D:8-11         Orc: D:9-12

Altars:
Ashenzari
Cheibriados
Dithmenos
Elyvilon
Fedhas
Gozag
Hepliaklqana
Kikubaaqudgha
Makhleb
Nemelex Xobeh
Okawaru
Qazlal
Ru
Sif Muna
Trog
Uskayaw
Vehumet
Xom
Yredelemnul
Zin
The Shining One
Beogh

Shops:
D:6 *

Annotations:
D:10 Snorg

#.........# #.........#
#######.### ###.#
##...# #. #..### #.#
#.## #.# ##T######
###.###########.@.....#
.......#....(.'.......#
.........######.......#
.......### #.......#
.......# #.......#
.......# ###'#####
###.##### ##.# #.....#
#..# #####.# #.##


You could see Snorg (berserk).


Message History

You slash Snorg!
Snorg is lightly wounded.
Snorg bites you!!
* * * LOW HITPOINT WARNING * * *
Snorg barely misses you. You block Snorg's attack.
Unknown command.
You are too injured to fight recklessly!
You are too injured to fight recklessly!
You are too injured to fight recklessly!
Unknown command.
You are too injured to fight recklessly!
Okay, then.
Press: ? - help, v - describe, . - travel
Here: Snorg (lightly wounded, berserk, fast, unusually strong)
The floor.
You fade into invisibility!
You block Snorg's attack. Snorg barely misses you. Snorg claws you!
* * * LOW HITPOINT WARNING * * *
Snorg closely misses you. x2; Snorg claws you!
* * * LOW HITPOINT WARNING * * *
You are very lightly contaminated with residual magic.
You block Snorg's attack. Snorg claws you but does no damage. x2
Snorg barely misses you. x2; Snorg completely misses you.
Snorg barely misses you. Snorg claws you.
* * * LOW HITPOINT WARNING * * *
Snorg claws you.
* * * LOW HITPOINT WARNING * * *
There is an open door here.
You block Snorg's attack. Snorg claws you!
You die...

Skill      XL: |  1  2  3  4  5  6  7  8  9 10 |
---------------+-------------------------------+-----
Shields        | 4 7 8 9 |  9.0
Fighting       | 6 7 8 9 |  9.0
Axes           | 7 8 9 10 | 10.0
Armour         | 6 7 8 |  8.8
Invocations    | 1 3 5 |  5.2
Dodging        | 2 |  2.0

Action                   |  1- 3 |  4- 6 |  7- 9 | 10-12 || total
-------------------------+-------+-------+-------+-------++-------
Melee: War axe           |   118 |   152 |   352 |   209 ||   831
 Abil: Dig               |       |       |     1 |       ||     1
  Use: Scroll            |       |    10 |     8 |       ||    18
       Potion            |       |     1 |       |     2 ||     3
  Eat: Chunk             |       |     8 |    12 |     5 ||    25
       Royal jelly       |       |       |     1 |       ||     1
Armor: Scale mail        |    58 |    35 |       |       ||    93
       Chain mail        |       |     1 |   144 |    25 ||   170
       Plate armour      |       |       |       |    35 ||    35
Dodge: Dodged            |    44 |    51 |    64 |    38 ||   197
Block: Shield            |    71 |    87 |   205 |   115 ||   478

Vault maps used:
D:1:      mrwooster_arrival_statue, hangedman_decor_push, minmay_domino_2
D:2:      first_bread
D:3:      st_stairs_10, uniq_terence
D:4:      chequers_temple_overflow_minitemple, minmay_temple_entry_trees,
          gup_sewer_entry_bubbles
D:5:      bh_walls_and_bars
D:6:      serial_shops, nicolae_shop_trees
D:7:      overflow_temple_1_default, uniq_joseph, uniq_menkaure
D:8:      led_sif_pool, minmay_lizard_king
D:9:      serial_curves, eino_curves_01, eino_curves_02, special_room,
          hangedman_little_slice_of_home, grunt_ministairs_15,
          david_defended_altar_elf
D:10:     basic_altar, hangedman_decor_peaks_small,
          nicolae_tso_carved_into_rock, uniq_maurice, uniq_snorg
Temple:   regret_index_temple_sphere_string
Sewer:    kennysheep_door_sewer

Notes
Turn   | Place    | Note
-------+----------+-------------------------------------------
     0 | D:1      | tyvek the Formicid Fighter began the quest for the Orb.
     0 | D:1      | Reached XP level 1. HP: 18/18 MP: 1/1
   102 | D:1      | Reached XP level 2. HP: 23/24 MP: 2/2
   593 | D:1      | Reached XP level 3. HP: 27/29 MP: 3/3
   616 | D:1      | Reached skill level 4 in Shields
  1004 | D:2      | Reached XP level 4. HP: 16/37 MP: 4/4
  1326 | D:2      | Reached skill level 4 in Fighting
  1649 | D:2      | Reached skill level 3 in Axes
  2174 | D:2      | Identified a potion of experience
  2180 | D:2      | Reached skill level 6 in Fighting
  2180 | D:2      | Reached skill level 7 in Axes
  2180 | D:2      | Reached skill level 6 in Armour
  2180 | D:2      | Reached skill level 7 in Shields
  2180 | D:2      | Reached XP level 5. HP: 47/47 MP: 5/5
  2356 | D:3      | Reached XP level 6. HP: 53/53 MP: 6/6
  2624 | D:3      | Noticed Terence
  2629 | D:3      | Killed Terence
  2695 | D:3      | Reached skill level 7 in Fighting
  3079 | D:4      | Found a faded altar of an unknown god.
  3079 | D:4      | Found a faded altar of an unknown god.
  3084 | D:4      | Found a radiant altar of Vehumet.
  3086 | D:4      | Found a white marble altar of Elyvilon.
  3088 | D:4      | Found an iron altar of Okawaru.
  3144 | D:4      | Reached skill level 8 in Axes
  3144 | D:4      | Reached XP level 7. HP: 58/60 MP: 7/7
  3281 | D:4      | Found a glowing drain.
  3296 | Sewer    | Entered a sewer
  3414 | Sewer    | Noticed Purgy
  3424 | Sewer    | Killed Purgy
  3496 | D:4      | Found a staircase to the Ecumenical Temple.
  3975 | D:5      | Entered Level 5 of the Dungeon
  4101 | D:5      | Reached skill level 7 in Armour
  4324 | D:5      | Reached XP level 8. HP: 61/67 MP: 8/8
  4624 | D:5      | Reached skill level 8 in Shields
  5076 | Temple   | Entered the Ecumenical Temple
  5230 | Temple   | Became a worshipper of Makhleb the Destroyer
  5410 | D:6      | Found Meckacen's Assorted Antiques.
  5423 | D:6      | Bought a scroll of identify for 56 gold pieces
  5423 | D:6      | Bought an ivory ring for 140 gold pieces
  5423 | D:6      | Bought a scroll of identify for 56 gold pieces
  5423 | D:6      | Bought a runed marble ring for 140 gold pieces
  5848 | D:7      | Noticed a hippogriff
  5859 | D:7      | Killed a hippogriff
  5859 | D:7      | Reached skill level 9 in Axes
  5859 | D:7      | Reached skill level 1 in Invocations
  5859 | D:7      | Reached XP level 9. HP: 50/74 MP: 8/10
  6034 | D:7      | Reached skill level 2 in Invocations
  6140 | D:7      | Found a snail-covered altar of Cheibriados.
  6419 | D:7      | Noticed Joseph
  6434 | D:7      | Killed Joseph
  6434 | D:7      | Reached skill level 8 in Fighting
  6720 | D:8      | Reached * piety under Makhleb
  6865 | D:8      | Reached skill level 3 in Invocations
  7297 | D:8      | Reached ** piety under Makhleb
  7384 | D:8      | Reached skill level 8 in Armour
  7384 | D:8      | Reached XP level 10. HP: 24/80 MP: 12/12
  7611 | D:8      | Found a deep blue altar of Sif Muna.
  7946 | D:9      | Found a roughly hewn altar of Beogh.
  8199 | D:9      | Found a hide-covered altar of Uskayaw.
  8200 | D:9      | Noticed a deep elf mage
  8206 | D:9      | Killed a deep elf mage
  8206 | D:9      | Reached skill level 9 in Shields
  8206 | D:9      | Reached skill level 4 in Invocations
  8395 | D:9      | Reached *** piety under Makhleb
  8530 | D:9      | Reached skill level 1 in Dodging
  8568 | D:9      | Noticed a two-headed ogre
  8581 | D:9      | Killed a two-headed ogre
  8581 | D:9      | Reached skill level 5 in Invocations
  8689 | D:10     | Entered Level 10 of the Dungeon
  8701 | D:10     | Reached skill level 9 in Fighting
  8718 | D:10     | Reached skill level 2 in Dodging
  8741 | D:10     | Reached skill level 10 in Axes
  8832 | D:10     | Noticed Snorg
  8839 | D:10     | HP: 8/83 [Snorg (11)]
  8845 | D:10     | HP: 6/83 [Snorg (4)]
  8847 | D:10     | Slain by Snorg

Vanquished Creatures
  A two-headed ogre (D:9)
  A deep elf mage (D:9)
  Joseph (D:7)
  A hippogriff (D:7)
  A wyvern (D:9)
  A steam dragon (D:8)
  A water moccasin (D:9)
  Purgy (Sewer)
  An orc warrior (D:9)
  5 ogres
  A phantom (D:5)
  2 crocodiles
  5 centaurs
  A big kobold (D:8)
  5 bullfrogs
  A wyvern zombie (D:10)
  3 scorpions
  2 howler monkeys (D:7)
  2 crimson imps
  4 jellies
  9 hounds
  2 orc wizards (D:8)
  7 orc priests
  A bullfrog skeleton (D:4)
  2 centaur skeletons
  An iguana (D:9)
  Terence (D:3)
  6 worker ants
  A hound zombie (D:6)
  A worker ant zombie (D:8)
  A howler monkey skeleton (D:7)
  11 adders
  A shadow imp (D:7)
  6 oozes
  2 adder skeletons (D:7)
  2 worms
  A dart slug (D:1)
  10 leopard geckos
  51 orcs
  7 giant cockroaches
  7 goblins
  7 hobgoblins
  3 jackals (D:6)
  17 kobolds
  7 quokkas
  A ball python (D:2)
  7 bats
  10 frilled lizards
  A quokka skeleton (D:6)
  12 rats
235 creatures vanquished.
